 BcadrenCrawl: Boulder Brew version 0.06-240-gf756cca71e (webtiles) character file.

Game seed: 10022632624975003638, levelgen mode: deterministic

50 gruber the Chiller (level 3, -1/19 HPs) Deep Elf Ice Elementalist. Began on Aug 14, 2022. Slain by a water moccasin (4 damage) ... on level 2 of the Dungeon. The game lasted 00:02:43 (998 turns).

gruber the Chiller (Deep Elf Ice Elementalist)       Turns: 998, Time: 00:02:43

Health: -1/19      AC:  2    Str:  5    XL:     3 ^: 25
Magic:  8/9        EV: 13    Int: 20    God:
Gold:   19         SH:  0    Dex: 15    Spells: 2/8 levels left

rFire    . . .     Slash    x   (no weapon)
rCold    . . .     Pierce   .   (no weapon)
rNeg     . . .     Bludgeon .   a - +0 robe
rCorr    . . .     Vision   .   (no helmet)
rPois    .         Gourm    .   (no cloak)
rElec    .         Faith    .   (no gloves)
MR       .....     Spirit   .   (no boots)
HPRegen  0.16/turn Reflect  .   f - amulet of magic regeneration (curse) {(Curse: *Drain)}
MPRegen  0.44/turn Harm     .   (no ring)
Stlth    ++........             (no ring)

@: very slightly contaminated
A: soft flesh
a: no special abilities


You were on level 2 of the Dungeon.
You were not hungry.

You visited 1 branch of the dungeon, and saw 2 of its levels.

You collected 19 gold pieces.

Inventory:

Armour
 a - a +0 robe (worn)
Jewellery
 d - an uncursed amulet of guardian spirit
 f - a cursed amulet of magic regeneration (around neck) {(Curse: *Drain)}
 g - a cursed ring of wizardry {(Curse: rC-)}
 j - an uncursed amulet of regeneration
Scrolls
 b - a scroll of teleportation
 e - a scroll of fear
 i - a scroll of enchantment
Potions
 h - a potion of heal wounds
Comestibles
 c - 4 rations


   Skills:
 - Level 2.4 Dodging
 - Level 2.4 Stealth
 - Level 3.0 Spellcasting
   Level 1.1 Summonings
 + Level 5.1 Ice Magic


You had 2 spell levels left.
You knew the following spells:

 Your Spells              Type           Power        Failure   Level  Hunger
a - Freeze                Ice            23 (25)      1%          1    0
b - Throw Frost Ice 23 (50) 2% 2 20-60 c - Ozocubu's Armour Chrm/Ice       13 (100)     16%         3    60-120

Your spell library contained the following spells:

 Spells                   Type           Power        Failure   Level  Hunger
 Hailstorm Ice 23 (100) 17% 4 140-240 Throw Icicle Ice 23 (100) 17% 4 140-240 Summon Ice Beast Ice/Summ       15 (100)     36%         4    140-240


Dungeon Overview and Level Annotations

Branches:
Dungeon (2/8)

Altars:


Innate Abilities, Weirdness & Mutations

Your soft flesh is weak to deep cuts.
Heavy manmade armour will nullify this weakness. (rSlashing-)


Message History

You freeze the water moccasin (4).
The water moccasin is lightly wounded. (25/29) HP The water moccasin bites you (2).
Unknown command.
Casting: Freeze (safe; 1% risk of failure)
Confirm with . or Enter, or press ? or * to list all spells.
Aiming: Freeze (safe; 1% risk of failure)
Press: ? - help, Shift-Dir - straight line, f/p - water moccasin
Aim: a water moccasin (84%, 84% to-hit, lightly wounded (25/29), 76% (Melee))
You freeze the water moccasin (5).
The water moccasin is moderately wounded. (20/29) HP The water moccasin bites you (7)!
The water moccasin bites you (4).
* * * LOW HITPOINT WARNING * * *
Unknown command.
Unknown command.
Evoke which item? (* to show all) (? for menu, Esc to quit)
You open the lid... ...and a larval oxshock beast leaps out!
The now-empty box falls apart.
The water moccasin bites you (4).
You die...

###############
#≈@≈≈.≈#..≈≈#.##
##S≈...#[....≈.#
#H≈##.≈#.<..≈.≈##
#.≈.#.÷#≈.##.#≈≈#
#..≈##≈...≈######
#≈#..#....≈# ##
.≈##...≈#
≈≈.##≈≈##
##.≈####


You could see a water moccasin and a friendly larval oxshock beast.

Vanquished Creatures
  2 cinder newts
  A dart slug (D:1)
  3 leopard geckos (D:1)
  5 goblins (D:1)
  5 hobgoblins (D:1)
  8 kobolds (D:1)
  4 bats (D:1)
  3 rats (D:1)
31 creatures vanquished.

Vanquished Creatures (others)
  9 butterflies (D:1)
  2 plants (D:2)
  A withered plant (D:2)
12 creatures vanquished.

Grand Total: 43 creatures vanquished

Notes
Turn   | Place    | Note
-------+----------+-------------------------------------------
     0 | D:1      | gruber the Deep Elf Ice Elementalist began the quest for
                  | the Orb.
     0 | D:1      | Reached XP level 1. HP: 10/10 MP: 6/6
     3 | D:1      | Learned a level 2 spell: Throw Frost
     7 | D:1      | Learned a level 3 spell: Ozocubu's Armour
   100 | D:1      | Reached XP level 2. HP: 13/15 MP: 1/8
   101 | D:1      | Reached skill level 4 in Ice Magic
   405 | D:1      | Reached XP level 3. HP: 19/19 MP: 4/9
   982 | D:2      | Reached skill level 5 in Ice Magic
   993 | D:2      | Noticed a water moccasin
   998 | D:2      | Slain by a water moccasin

Levels and vault maps discovered:
D:1:      minmay_arrival_wavy_path, layout_loops_ring
D:2:      layout_sewer, serial_forest, infiniplex_forest_lined_room_3,
          infiniplex_forest_clump_tiny, infiniplex_forest_clump_tiny,
          infiniplex_forest_clump_small, infiniplex_forest_lined_2,
          fedhas_bush_and_centaur_altar, uniq_duvessa

Skill      XL: |  1  2  3 |
---------------+----------+-----
Ice Magic      | 4 5 |  5.1
Dodging        | |  2.4
Stealth        | |  2.4
Spellcasting   | |  3.0
Summonings     | |  1.1

Action                   || total
-------------------------++-------
Melee: Unarmed           ||     8
 Cast: Freeze            ||    21
       Throw Frost       ||    25
Evoke: Box of beasts     ||     1
  Eat: Chunk             ||     1
Armor: Robe              ||     4
Dodge: Dodged            ||     9
